 Dungeon Crawl Stone Soup version 0.28-a0-533-g9f97627e2a (webtiles) character file.

Game seed: 1212942624490440133

490 Cancer the Destroyer (level 7, -5/36 HPs)
             Began as a Tengu Conjurer on Sept 25, 2021.
             Slain by a wyvern zombie (9 damage)
             ... on level 5 of the Dungeon.
             The game lasted 00:09:54 (3676 turns).

Cancer the Destroyer (Tengu Conjurer)               Turns: 3676, Time: 00:09:54

Health: -5/36      AC:  5    Str:  8    XL:     7   Next: 14%
Magic:  10/15      EV: 14    Int: 23    God:
Gold:   225        SH:  6    Dex: 12    Spells: 12/15 levels left

rFire   . . .      SeeInvis .   b - +1 short sword (venom)
rCold   . . .      Faith    .   i - +2 buckler
rNeg    . . .      Spirit   .   a - +0 robe
rPois   .          Reflect  .   j - +2 hat {Int+3}
rElec   .          Harm     .   m - +0 cloak
rCorr   .          Rampage  .   (no gloves)
Will    .....                   (boots unavailable)
Stlth   ++........              (no amulet)
HPRegen 0.12/turn               (no ring)
MPRegen 0.14/turn               (no ring)

@: flying quickly and evasively, studying Slings, quick
A: beak, talons 3, nimble flight
a: no special abilities


You were on level 5 of the Dungeon.
You visited 1 branch of the dungeon, and saw 7 of its levels.

You collected 225 gold pieces.

Inventory:

Hand Weapons
 b - a +1 short sword of venom (weapon)
Armour
 a - a +0 robe (worn)
 i - a +2 buckler (worn)
 j - a +2 hat of intelligence (worn)
 m - a +0 cloak (worn)
Scrolls
 d - 8 scrolls of identify {unknown}
 f - 2 scrolls of brand weapon {unknown}
 h - a scroll of noise {unknown}
 k - a scroll of enchant armour {unknown}
Potions
 c - a potion of flight {unknown}
 e - a potion of haste {unknown}
 g - a potion of curing {unknown}
 l - a potion of might {unknown}
 n - a potion of resistance {unknown}


   Skills:
 - Level 2.1 Dodging
 - Level 2.0 Stealth
 + Level 2.1 Shields
 + Level 4.8 Spellcasting
 + Level 8.3 Conjurations


You had 12 spell levels left.
You knew the following spells:

 Your Spells              Type           Power      Damage    Failure   Level
a - Magic Dart            Conj           100%       1d8       1%          1
b - Searing Ray           Conj           86%        2d7       1%          2

Your spell library contained the following spells:

 Spells                   Type           Power      Damage    Failure   Level
 Dazzling Flash           Conj/Hex       48%        N/A       7%          3
 Summon Small Mammal      Summ           20%        N/A       12%         1
 Fulminant Prism          Conj/Hex       12%        3d9       22%         4
 Iskenderun's Mystic Bla  Conj/Tloc      24%        2d7       22%         4
 Call Canine Familiar     Summ           5%         N/A       36%         3
 Summon Guardian Golem    Hex/Summ       5%         N/A       36%         3


Dungeon Overview and Level Annotations

Branches:
Dungeon (7/15)
 Temple: D:4-7

Altars:
Kikubaaqudgha
Okawaru

Shops:
D:3 ([((*

Annotations:
D:5 sewer


Innate Abilities, Weirdness & Mutations

You have a beak for a mouth.
You have claws for feet.
Your magical nature lets you fly swiftly and evasively.


Message History

Found a sapphire potion.
An iguana comes into view.
You see here a sapphire potion.
The searing ray hits the iguana!
The iguana is severely wounded. (Press . to maintain the ray.)
The searing ray hits the iguana!
You kill the iguana!
n - a sapphire potion You hear the slow rusting of a very distant drain.
Found 7 gold pieces.
You now have 225 gold pieces (gained 7).
A wyvern zombie comes into view.
A howler monkey zombie comes into view.
Casting: Searing Ray (safe; 1% risk of failure)
Confirm with . or Enter, or press ? or * to list all spells.
Aiming: Searing Ray (safe; 1% risk of failure)
Press: ? - help, Shift-Dir - straight line, f - wyvern zombie
Aim: a wyvern zombie (94% to hit)
The searing ray hits the wyvern zombie!
The wyvern zombie is moderately damaged.
The searing ray hits the howler monkey zombie!
The howler monkey zombie is moderately damaged. (Press . to maintain the ray.)
You hear the slow rusting of a drain nearby.
The wyvern zombie closely misses you.
The searing ray hits the wyvern zombie!
The wyvern zombie is severely damaged.
The searing ray misses the howler monkey zombie.
The wyvern zombie bites you! x2
The searing ray hits the wyvern zombie.
The wyvern zombie is severely damaged.
The wyvern zombie bites you!
* * * LOW HITPOINT WARNING * * *
The howler monkey zombie hits you but does no damage.
The searing ray hits the wyvern zombie.
The wyvern zombie is almost destroyed.
You finish channelling your searing ray.
The wyvern zombie bites you!
You die...

#8.♣#
#.#.#
#.#..#
#...#
#.#.#
#.#..#
#8.8#
#.#.#
#.####
#...#
#.#.####.#
#8.8#
#.#.>..#
#...#
####.#
#8.8# #
#...#
#8@♣#
#ZZ.#
#8.♣# #...
#8.8 #...#
.....
.....


You could see a wyvern zombie and a howler monkey zombie.

Vanquished Creatures
  2 scorpions
  A wyvern skeleton (D:6)
  Jessica (D:3)
  2 iguanas
  Natasha (thrice) (D:2)
  An orc wizard (D:6)
  Robin (D:4)
  3 adders
  A shadow imp (D:3)
  An ufetubus (D:3)
  A worm (D:3)
  A dart slug (D:2)
  7 endoplasms
  2 giant cockroaches (D:3)
  14 goblins
  9 hobgoblins
  10 jackals
  5 quokkas
  4 ball pythons
  8 bats
  4 frilled lizards
  5 kobolds
  8 rats
94 creatures vanquished.

Notes
Turn   | Place    | Note
-------+----------+-------------------------------------------
     0 | D:1      | Cancer the Tengu Conjurer began the quest for the Orb.
     0 | D:1      | Reached XP level 1. HP: 10/10 MP: 4/4
   166 | D:1      | Reached XP level 2. HP: 15/15 MP: 4/6
   574 | D:1      | Reached XP level 3. HP: 19/19 MP: 4/7
   629 | D:1      | Reached skill level 6 in Conjurations
  1039 | D:2      | Learned a level 2 spell: Searing Ray
  1104 | D:2      | Noticed Natasha
  1111 | D:2      | Killed Natasha
  1112 | D:2      | Reached XP level 4. HP: 24/24 MP: 5/9
  1379 | D:2      | Noticed Natasha
  1382 | D:2      | Killed Natasha
  1796 | D:3      | Found Ifuaniol's Antique Armour Shop.
  1811 | D:3      | Found Zeefiw's Weapon Boutique.
  1854 | D:3      | Noticed Jessica
  1858 | D:3      | Killed Jessica
  1859 | D:3      | Reached skill level 7 in Conjurations
  1859 | D:3      | Gained mutation: Your magical nature lets you fly swiftly
                  | and evasively. [Tengu growth]
  1859 | D:3      | Reached XP level 5. HP: 28/28 MP: 7/11
  1990 | D:3      | Found Othremil's Antique Weapon Boutique.
  2024 | D:3      | Found Ceavoa's General Store.
  2225 | D:3      | Reached XP level 6. HP: 32/32 MP: 7/13
  2521 | D:3      | Found Guduaken's Antique Weapon Shoppe.
  2820 | D:2      | Noticed Natasha
  2822 | D:2      | Killed Natasha
  2916 | D:4      | Found an iron altar of Okawaru.
  2946 | D:4      | Found an ancient bone altar of Kikubaaqudgha.
  3071 | D:4      | Reached skill level 1 in Shields
  3144 | D:4      | Noticed Robin
  3179 | D:4      | Killed Robin
  3263 | D:4      | You are sucked into a shaft and drop 3 floors!
  3282 | D:7      | Noticed a water moccasin
  3292 | D:6      | Reached skill level 8 in Conjurations
  3380 | D:6      | Reached XP level 7. HP: 26/36 MP: 8/15
  3564 | D:5      | Entered Level 5 of the Dungeon
  3676 | D:5      | Slain by a wyvern zombie

Illustrated notes

Levels and vault maps discovered:
D:1:      giann_wishing_wells, layout_rooms, amethyst_killhole,
          wander_ebering_terrifying_dragon_lair
D:2:      layout_rooms, uniq_natasha
D:3:      layout_loops_corners, serial_shops, shop_fountains,
          nicolae_shop_crystal, nicolae_diamond_shop, shop_statue, shop,
          corexii_hall_statues_i, uniq_jessica
D:4:      layout_gridville, mainiacjoe_overflow_two_lobes,
          nicolae_shop_firing_range, uniq_robin, uniq_duvessa, uniq_menkaure
D:5:      layout_basic, serial_shops, nicolae_shop_crystal,
          gup_sewer_entry_bowl, chequers_avenue, eino_tiny_chamber
D:6:      layout_rooms, mainiacjoe_overflow_24_doors,
          mainiacjoe_overflow_tiny_flanked, serial_rivers,
          chequers_serial_rivers_large_b, chequers_serial_rivers_micro_a,
          chequers_serial_rivers_small_b, chequers_serial_rivers_room_b,
          chequers_serial_rivers_room_a, chequers_serial_rivers_micro_e,
          uniq_grinder
D:7:      layout_cave_pools, general_overflow_altar, lemuel_round_altar,
          minmay_temple_entry_proselytizer, minmay_a_box_with_orc_wizards_in_it

Skill      XL: |  1  2  3  4  5  6  7 |
---------------+----------------------+-----
Conjurations   | 6 7 8 |  8.3
Spellcasting   | 3 4 |  4.8
Shields        | 1 2 |  2.1
Dodging        | |  2.1
Stealth        | |  2.0

Action                   |  1- 3 |  4- 6 |  7- 9 || total
-------------------------+-------+-------+-------++-------
Melee: Unarmed           |    10 |       |       ||    10
       Short sword       |    17 |    73 |     5 ||    95
       Kick              |     7 |    17 |       ||    24
       Peck              |     3 |     3 |       ||     6
 Cast: Magic Dart        |    32 |       |       ||    32
       Searing Ray       |     1 |    14 |     3 ||    18
 Stab: Sleeping          |     1 |     3 |       ||     4
Armor: Robe              |    10 |    23 |     6 ||    39
Dodge: Dodged            |    16 |    69 |     4 ||    89
Block: Buckler           |       |     3 |       ||     3

Table legend: (Time is in decaauts)
 A = Elapsed time spent in this place.
 B = Non-inter-level travel time spent in this place.
 C = Inter-level travel time spent in this place.
 D = Time resting spent in this place.
 E = Time spent auto-exploring this place.
 F = Levels seen in this place.
 G = Mean time per level.
                   A        B        C        D        E       F      G
               +--------+--------+--------+--------+--------+-----+--------+
         Total |   3569 |   3449 |    120 |     69 |   2595 |   7 |  509.9 |
       Dungeon |   3569 |   3449 |    120 |     69 |   2595 |   7 |  509.9 |
               +--------+--------+--------+--------+--------+-----+--------+

Top non-repeatable levels by time:
     D:3: 1056 daAuts
     D:1: 1031 daAuts
     D:2: 689 daAuts
     D:4: 399 daAuts
     D:6: 270 daAuts
     D:5: 103 daAuts
     D:7: 19 daAuts
